 Dungeon Crawl Stone Soup version 0.29-a0-830-gcb1280458a (webtiles) character file.

Game seed: 430519746543130211

18578 magipi the Cleaver (level 13, -2/169 HPs)
             Began as a Meteoran Berserker on July 11, 2022.
             Was a High Priest of Trog.
             Slain by an orc warrior
             ... wielding a +0 trident
             ... led by an orc warlord
              (5 damage)
             ... on level 1 of the Orcish Mines.
             The game lasted 00:32:30 (5287 turns).

magipi the Cleaver (Meteoran Berserker)             Turns: 5287, Time: 00:32:30

Health: -2/169     AC: 25    Str: 29    XL:     13   Next: 24%
Magic:  14/14      EV: 13    Int:  8    God:    Trog [*****.]
Gold:   598        SH:  0    Dex: 17    Spells: 12/12 levels left

rFire   . . .      SeeInvis .   a - +1 broad axe
rCold   . . .      Faith    .   (no shield)
rNeg    . . .      Spirit   .   h - +0 plate armour {rPois}
rPois   +          Reflect  .   y - +0 helmet
rElec   .          Harm     .   f - +1 cloak {rCorr}
rCorr   +          Rampage  .   e - +1 pair of gloves {Stlth+}
Will    +....                   (no boots)
Stlth   ..........              (no amulet)
HPRegen 0.38/turn               v - +4 ring of protection
MPRegen 0.14/turn               s - ring "Ofeydyfe" {Str+7 Slay+4}

@: berserking, hasted, glowing, very quick
A: sense surroundings 2, otherworldly, glowing, explore regen
a: Renounce Religion, Berserk, Trog's Hand, Brothers in Arms


You were on level 1 of the Orcish Mines.
You worshipped Trog.
Trog was extremely pleased with you.
You visited 2 branches of the dungeon, and saw 13 of its levels.

You collected 598 gold pieces.

Inventory:

Hand Weapons
 a - a +1 broad axe (weapon)
   (You found it on level 9 of the Dungeon)
 b - a +2 flail of freezing
   (You took it off a wight on level 9 of the Dungeon)
Missiles
 x - 13 boomerangs (quivered)
 F - 4 silver javelins
Armour
 e - a +1 pair of gloves of stealth (worn)
   (You acquired it on level 9 of the Dungeon)
 f - a +1 cloak of preservation (worn)
   (You took it off Maurice on level 9 of the Dungeon)
 h - a +0 plate armour of poison resistance (worn)
   (You took it off an orc warrior on level 10 of the Dungeon)
 y - a +0 helmet (worn)
   (You found it on level 4 of the Dungeon)
 H - a +2 leather armour of fire resistance
   (You took it off an orc on level 8 of the Dungeon)
Jewellery
 i - a ring of see invisible
   (You found it on level 3 of the Dungeon)
 s - the ring "Ofeydyfe" (right hand) {Str+7 Slay+4}
   (You found it on level 8 of the Dungeon)

   [ring of slaying]

   Str:       It affects your strength (+7).
   Slay:      It affects your accuracy & damage with ranged weapons and melee
   (+4).
 v - a +4 ring of protection (left hand)
   (You found it on level 2 of the Dungeon)
Wands
 l - a wand of roots (3)
   (You found it on level 12 of the Dungeon)
 p - a wand of quicksilver (3)
   (You found it on level 3 of the Dungeon)
 B - a wand of flame (27)
   (You found it on level 5 of the Dungeon)
Scrolls
 c - a scroll of poison
 d - a scroll of fog
 j - a scroll of blinking
 n - a scroll of teleportation
 J - 5 scrolls of fear
Potions
 g - a potion of heal wounds
 k - a potion of berserk rage
 m - 4 potions of lignification {unknown}
 o - 2 potions of attraction
 z - 3 potions of mutation
 A - 7 potions of curing {unknown}
 E - a potion of flight
 I - 2 potions of resistance
 K - 4 potions of magic


   Skills:
 + Level 9.9 Fighting
 * Level 14.6 Axes
 + Level 10.3 Armour
 + Level 10.4 Dodging
 + Level 9.7 Evocations


You had 12 spell levels left.
You didn't know any spells.
Your spell library was empty.

Dungeon Overview and Level Annotations

Branches:
Dungeon (12/15) Zot: 1629  Temple (0/1) D:6            Lair (0/6) D:10
    Orc (1/2) D:10 Zot: 583

Altars:
Ashenzari
Okawaru
Yredelemnul

Shops:
D:10 (

Portals:
Bailey: D:9

Annotations:
D:2 Natasha
D:3 1 runed translucent door, gabibbone's ghost, weakling DgWr


Innate Abilities, Weirdness & Mutations

You passively map the area around you.
You are easily found by Zot.
You glow in the dark.
You regain HP and MP as you explore.


Message History

Unknown command.
You are too injured to fight recklessly!
Unknown command.
Unknown command.
You are too injured to fight recklessly!
Unknown command.
You are too injured to fight recklessly!
Unknown command.
You slice the orc warlord!! You punch the orc warlord.
The orc warlord is moderately wounded.
You slash the warg! You hit the orc warrior. You slash the troll!
You slash the orc warrior!
The orc priest invokes the aid of Beogh against you.
Beogh smites you!
The orc warrior hits you with a +0 flail!
The orc warrior hits you but does no damage.
The troll bites you!
The troll claws you but does no damage. x2
The orc warrior hits you but does no damage.
The orc warlord completely misses you. The warg bites you but does no damage.
You hit the orc warlord.
The orc warlord is moderately wounded.
You barely miss the orc warrior. You slice the warg!!
You closely miss the orc warrior. You slash the troll!
The warg barely misses you.
Unknown command.
You hit the orc warrior.
The orc warrior is almost dead.
You slash the orc warrior! You slash the troll!
You kill the troll!
Trog accepts your kill.
You hit the orc warlord but do no damage.
You slash the warg!
You kill the warg!
Trog accepts your kill.
The orc warlord hits you but does no damage.
The orc warrior hits you with a +0 flail.
The orc warrior closely misses you. The orc warrior misses you.
Unknown command.
You closely miss the orc warlord.
The orc warlord is moderately wounded.
You slice the orc warrior!!
You kill the orc warrior!
Trog accepts your kill.
You slash the orc warrior!
You kill the orc warrior!
Trog accepts your kill.
You barely miss the orc.
Unknown command.
You slash the orc warlord!
The orc warlord is heavily wounded.
You slash the orc!
You kill the orc!
Trog accepts your kill.
The orc priest mumbles some strange prayers to Beogh against you.
Beogh smites you! The orc warlord completely misses you.
The orc warrior misses you.
Unknown command.
Unknown command.
You barely miss the orc warlord.
The orc warlord is moderately wounded.
You closely miss the orc. You slice the orc!!
You feel the power of Trog in you as your rage grows.
You kill the orc!
Trog accepts your kill. The orc hits you but does no damage.
The orc warlord hits you with a +0 long sword of electrocution!
* * * LOW HITPOINT WARNING * * *
You are electrocuted!
* * * LOW HITPOINT WARNING * * *
The orc warrior hits you from afar with a +0 trident!!
* * * LOW HITPOINT WARNING * * *
Unknown command.
You barely miss the orc. You slice the orc warlord!! You slash the orc!
You kill the orc!
Trog accepts your kill.
Unknown command.
Unknown command.
Unknown command.
You barely miss the orc. You closely miss the orc warlord.
The orc warrior hits you from afar with a +0 trident.
* * * LOW HITPOINT WARNING * * *
The orc warrior unwields a +0 trident.
The orc warrior wields a +0 arbalest.
The orc warrior shoots a bolt.
The bolt closely misses you. The orc hits you but does no damage.
The orc warlord roars a battlecry!
Unknown command.
You barely miss the orc. You slash the orc warlord! You barely miss something.
Unknown command.
Unknown command.
Unknown command.
You slice the orc warlord!!
The orc warlord is almost dead.
You closely miss something. You slash the orc!
You kill the orc!
Trog accepts your kill.
The orc wizard no longer looks unusually strong.
The orc no longer looks unusually strong.
Something hits you but does no damage.
The orc warrior hits you from afar with a +0 trident.
You die...

#...###.*..# *
#....#. ....
##.....,..... *
#.....##..... *
###...<....... ,
##.....$.......
#.$............
,
##...))).......
, ###.#@#.......
, ,
#..oo{o....... ,
*
#....oo.o......
,
##..........>..,
##............,,
#............, ,
, ##.........$ ,
#......#... * ,
,**


You could see an orc warlord, 2 orc warriors, an orc wizard and 2 orcs.

Vanquished Creatures
  A boulder beetle (D:11)
  A hydra (D:12)
  4 two-headed ogres
  A manticore (D:12)
  2 cyclopes
  Maurice (D:9)
  2 gargoyles
  A kobold demonologist (D:12)
  A komodo dragon (D:11)
  2 trolls
  8 slime creatures (D:12)
  A wyvern (D:8)
  A water elemental (D:10)
  A shadow (D:9)
  2 wraiths
  A human (D:10)
  20 yaks
  3 hogs (D:10)
  2 vampire mosquitoes (D:12)
  4 water moccasins
  4 wargs
  10 orc warriors
  3 black bears
  A sky beast (D:7)
  2 ogres
  13 centaurs
  A kobold brigand (D:9)
  A bullfrog (D:9)
  A necrophage (D:6)
  14 wights (D:9)
  14 killer bees
  2 howler monkeys
  5 electric eels (D:11)
  2 jellies
  8 orc priests
  4 hounds
  2 iguanas
  12 orc wizards
  4 gnolls
  4 adders
  A white imp (D:6)
  3 worms
  2 dart slugs (D:4)
  66 orcs
  6 ball pythons
  2 endoplasms
  4 giant cockroaches
  11 goblins
  4 hobgoblins
  9 kobolds
  4 bats
  4 frilled lizards
  6 rats
288 creatures vanquished.

Vanquished Creatures (others)
  6 plants (D:11)
6 creatures vanquished.

Grand Total: 294 creatures vanquished

Notes
Turn   | Place    | Note
-------+----------+-------------------------------------------
     0 | D:1      | magipi the Meteoran Berserker began the quest for the Orb.
     0 | D:1      | Reached XP level 1. HP: 19/19 MP: 2/2
    59 | D:2      | Noticed Natasha
    61 | D:2      | Noticed an iron imp
   130 | D:1      | Reached XP level 2. HP: 21/26 MP: 3/3
   164 | D:1      | Found a faded altar of an unknown god.
   249 | D:1      | Reached skill level 4 in Axes
   314 | D:2      | Reached XP level 3. HP: 24/31 MP: 4/4
   555 | D:3      | Identified the +6 rapier of Growing Doom {drain, rPois rF+
                  | rN+ Will+}
   603 | D:3      | Reached ** piety under Trog
   604 | D:3      | Reached XP level 4. HP: 38/40 MP: 5/5
   691 | D:3      | Reached XP level 5. HP: 46/46 MP: 6/6
   809 | D:3      | Noticed a water moccasin
   818 | D:3      | Killed a water moccasin
   819 | D:3      | Reached skill level 5 in Axes
   819 | D:3      | Reached skill level 1 in Evocations
   819 | D:3      | Reached XP level 6. HP: 51/52 MP: 7/7
   841 | D:3      | Found a runed translucent door.
   841 | D:3      | Noticed gabibbone's ghost (weakling DgWr)
   968 | D:4      | Noticed a black bear
   973 | D:4      | Killed a black bear
   974 | D:4      | Reached XP level 7. HP: 60/60 MP: 8/8
  1039 | D:4      | Reached skill level 6 in Axes
  1228 | D:5      | Entered Level 5 of the Dungeon
  1449 | D:5      | Noticed a water moccasin
  1460 | D:5      | Killed a water moccasin
  1708 | D:5      | Reached *** piety under Trog
  1726 | D:6      | Reached XP level 8. HP: 67/67 MP: 9/9
  1776 | D:6      | Found a staircase to the Ecumenical Temple.
  1822 | D:6      | Found a basalt altar of Yredelemnul.
  1846 | D:6      | Reached skill level 5 in Fighting
  1846 | D:6      | Reached skill level 7 in Axes
  1934 | D:6      | Reached skill level 5 in Dodging
  1938 | D:6      | Reached skill level 5 in Armour
  2257 | D:7      | Gained mutation: You passively map the area around you.
                  | [Meteoran growth]
  2257 | D:7      | Reached XP level 9. HP: 74/74 MP: 10/10
  2265 | D:7      | Reached skill level 8 in Axes
  2458 | D:7      | Identified the +8 dagger of Day {pain, Str+7}
  2690 | D:8      | Reached skill level 9 in Axes
  2694 | D:8      | Reached skill level 5 in Evocations
  2778 | D:8      | Identified the ring "Ofeydyfe" {Str+7 Slay+4}
  2799 | D:8      | Found a broken altar of Ashenzari.
  2889 | D:8      | Reached **** piety under Trog
  2934 | D:8      | Reached XP level 10. HP: 75/84 MP: 11/11
  2983 | D:9      | Found an iron altar of Okawaru.
  3042 | D:9      | Identified a scroll of acquirement
  3042 | D:9      | Acquired a +1 pair of gloves of stealth
  3066 | D:9      | Noticed Maurice
  3158 | D:9      | Reached skill level 10 in Axes
  3232 | D:9      | Killed Maurice
  3288 | D:9      | Noticed a two-headed ogre
  3307 | D:9      | Killed a two-headed ogre
  3320 | D:9      | Found a flagged portal.
  3324 | D:9      | Reached skill level 11 in Axes
  3343 | D:9      | Reached XP level 11. HP: 61/91 MP: 12/12
  3373 | D:10     | Entered Level 10 of the Dungeon
  3569 | D:10     | Found a staircase to the Lair.
  3660 | D:10     | Reached skill level 12 in Axes
  3677 | D:10     | Found Tejihumm's Weapon Boutique.
  3677 | D:10     | Found a staircase to the Orcish Mines.
  3688 | D:10     | Noticed a two-headed ogre
  3699 | D:10     | Killed a two-headed ogre
  4073 | D:11     | Noticed a cyclops
  4079 | D:11     | Noticed a boulder beetle
  4102 | D:11     | Killed a cyclops
  4174 | D:11     | Killed a boulder beetle
  4175 | D:11     | Reached XP level 12. HP: 85/103 MP: 13/13
  4266 | D:11     | Reached skill level 13 in Axes
  4439 | D:11     | Noticed a two-headed ogre
  4443 | D:11     | Killed a two-headed ogre
  4508 | D:11     | Reached ***** piety under Trog
  4753 | D:12     | Noticed a two-headed ogre
  4759 | D:12     | Killed a two-headed ogre
  4870 | D:12     | Reached skill level 10 in Dodging
  4875 | D:12     | Reached skill level 14 in Axes
  4958 | D:12     | Reached skill level 10 in Armour
  5003 | D:12     | Noticed a six-headed hydra
  5012 | D:12     | Killed a six-headed hydra
  5013 | D:12     | Reached XP level 13. HP: 111/111 MP: 14/14
  5264 | Orc:1    | Entered Level 1 of the Orcish Mines
  5265 | Orc:1    | Noticed an orc warlord
  5283 | Orc:1    | HP: 5/169 [orc warrior/+0 trident[an orc warlord] (22)]
  5287 | Orc:1    | Slain by an orc warrior

Illustrated notes

Levels and vault maps discovered:
D:1:      elethiomel_arrival_shortcut, layout_basic,
          shapermc_ecumenical_altar_notcrosses, minmay_misc_feat_chi,
          minmay_domino_2
D:2:      layout_basic, uniq_natasha
D:3:      layout_basic, gammafunk_ghost_grave, serial_corexii_hall,
          corexii_hall_statues_u, corexii_hall_statues_x, dk_noncrumbling_4,
          minmay_three_crescents
D:4:      layout_loops_ring, mainiacjoe_overflow_swirl, nicolae_shop_gadgets,
          uniq_blork_the_orc
D:5:      layout_loops_ring, serial_co_window_serial, co_window_paths_b,
          co_window_corner_a, co_window_paths_a, co_window_corner_a,
          co_window_corner_a, co_window_paths_a, co_window_broadway_c,
          co_window_of_opportunity_b, co_window_of_opportunity_c,
          co_window_corner_b, co_window_cross_2, co_window_sun,
          co_window_4corner_a, glass_columns_b, glass_columns_c,
          glass_columns_a, glass_columns_a,
          lightli_ossuary_entry_decrepit_ruins, minmay_misc_feat_enclosed
D:6:      layout_layer_cave, lemuel_doored_altar, minmay_temple_entry_mist
D:7:      layout_basic
D:8:      layout_loops_ring, overflow_temple_1_default
D:9:      layout_basic, okawaru_trees_1, kennysheep_little_box, enter_bailey_3,
          uniq_maurice
D:10:     layout_roguey, pdpol_wu_jian_five_deadly_venoms,
          erik_lair_orcish_takeover, orc_david_3, grunt_livestock,
          hangedman_abyss_or_decor_passed, feat_on_display
D:11:     layout_roguey, serial_bayou, serial_bayou_pond_c,
          serial_bayou_shore_a, serial_bayou_ford_a, serial_bayou_pond_d
D:12:     layout_basic
Orc:1:    layout_caves

Skill      XL: |  1  2  3  4  5  6  7  8  9 10 11 12 |
---------------+-------------------------------------+-----
Axes           | 4 5 6 7 9 11 12 14 | 14.6
Armour         | 3 4 5 6 7 8 10 | 10.3
Dodging        | 3 4 5 6 7 9 10 | 10.4
Fighting       | 4 5 6 7 8 9 |  9.9
Evocations     | 1 2 4 5 6 8 9 |  9.7

Action                   |  1- 3 |  4- 6 |  7- 9 | 10-12 | 13-15 || total
-------------------------+-------+-------+-------+-------+-------++-------
Melee: Hand axe          |    76 |    60 |   356 |    29 |       ||   521
       Punch             |       |       |     4 |     3 |     2 ||     9
       Broad axe         |       |       |       |   271 |    43 ||   314
       Battleaxe         |       |       |       |    22 |       ||    22
       Flail             |       |       |       |     5 |       ||     5
Throw: Boomerang         |       |       |       |     5 |     5 ||    10
Invok: Berserk           |     3 |     4 |    14 |    14 |     2 ||    37
Evoke: Wand              |       |       |       |     9 |       ||     9
  Use: Scroll            |       |       |       |    24 |       ||    24
       Potion            |       |       |       |       |     1 ||     1
Armor: Animal skin       |    31 |       |       |       |       ||    31
       Scale mail        |       |    20 |       |       |       ||    20
       Chain mail        |       |     5 |   171 |    86 |       ||   262
       Plate armour      |       |       |       |   105 |    39 ||   144
Dodge: Dodged            |    51 |    23 |   123 |   157 |    37 ||   391

Table legend: (Time is in decaauts)
 A = Elapsed time spent in this place.
 B = Non-inter-level travel time spent in this place.
 C = Inter-level travel time spent in this place.
 D = Time resting spent in this place.
 E = Time spent auto-exploring this place.
 F = Levels seen in this place.
 G = Mean time per level.
                   A        B        C        D        E       F      G
               +--------+--------+--------+--------+--------+-----+--------+
         Total |   5585 |   4924 |    661 |     74 |      0 |  13 |  429.6 |
       Dungeon |   5570 |   4910 |    660 |     74 |      0 |  12 |  464.2 |
  Orcish Mines |     15 |     15 |      0 |      0 |      0 |   1 |   15.0 |
               +--------+--------+--------+--------+--------+-----+--------+

Top non-repeatable levels by time:
    D:11: 696 daAuts
    D:10: 650 daAuts
     D:5: 551 daAuts
     D:6: 520 daAuts
    D:12: 507 daAuts
     D:9: 506 daAuts
     D:3: 493 daAuts
     D:8: 447 daAuts
     D:7: 375 daAuts
     D:1: 302 daAuts
     D:4: 281 daAuts
     D:2: 235 daAuts
   Orc:1: 15 daAuts
